 Dungeon Crawl Stone Soup version 0.28-a0-1234-g826d19b (webtiles) character file.

Game seed: 13598075397797735916

2896 Ayyar the Basher (level 9, -9/50 HPs)
             Began as a Gargoyle Fighter on Dec 23, 2021.
             Was a Follower of Okawaru.
             Collided with a stone wall (13 damage)
             ... caused by a wretched star
             ... on level 1 of the Abyss.
             The game lasted 00:28:45 (6064 turns).

Ayyar the Basher (Gargoyle Fighter)                 Turns: 6064, Time: 00:28:46

Health: -9/50      AC: 22    Str: 30    XL:     9   Next: 77%
Magic:  7/9        EV: 12    Int:  9    God:    Okawaru [*.....]
Gold:   288        SH:  6    Dex:  9    Spells: 8/8 levels left

rFire   . . .      SeeInvis .   g - +3 whip (drain)
rCold   . . .      Faith    .   c - +0 buckler
rNeg    + . .      Spirit   .   k - +4 ring mail {rPois}
rPois   ∞          Reflect  .   D - +2 hat
rElec   +          Harm     .   (no cloak)
rCorr   .          Rampage  .   (no gloves)
Will    .....                   A - +1 pair of boots
Stlth   ++........              v - amulet of regeneration
HPRegen 0.00/turn               n - +6 ring of strength
MPRegen 0.11/turn               (no ring)

@: heroic, inhibited regen, studying Long Blades
A: sickness immunity, AC +6, negative energy resistance 1, electricity
resistance, torment resistance 1, petrification resistance, frail 1, [inhibited
regeneration]
a: Renounce Religion, Heroism


You were on level 1 of the Abyss.
You worshipped Okawaru.
Okawaru was aware of your devotion.
You visited 2 branches of the dungeon, and saw 9 of its levels.
You visited the Abyss 1 time.

You collected 288 gold pieces.

Inventory:

Hand Weapons
 a - a +0 flail
 g - a +3 whip of draining (weapon)
 i - a +2 scimitar of flaming
Missiles
 q - 4 javelins (quivered)
Armour
 c - a +0 buckler (worn)
 k - a +4 ring mail of poison resistance (worn)
 x - a +3 scale mail
 A - a +1 pair of boots (worn)
 D - a +2 hat (worn)
Jewellery
 n - a +6 ring of strength (left hand)
 u - an amulet of faith
 v - an amulet of regeneration (around neck)
 C - a ring of protection from fire
Wands
 r - a wand of paralysis (7)
Scrolls
 e - 4 scrolls of identify
 h - 3 scrolls of acquirement {unknown}
 j - a scroll of teleportation
 l - a scroll of amnesia {unknown}
 m - 2 scrolls of fog {unknown}
 o - 4 scrolls of vulnerability {unknown}
 w - a scroll of noise {unknown}
 y - a scroll of magic mapping {unknown}
 B - a scroll of enchant weapon {unknown}
 E - a scroll of immolation {unknown}
Potions
 d - a potion of might
 p - a potion of berserk rage
 s - 2 potions of flight
 t - 3 potions of curing
 z - a potion of degeneration {unknown}


   Skills:
 + Level 6.8(11.8) Fighting
 * Level 8.2(13.2) Maces & Flails
 + Level 6.9(11.9) Armour
 + Level 6.8(11.8) Shields
 - Level 4.0 Evocations


You had 8 spell levels left.
You didn't know any spells.
Your spell library contained the following spells:

 Spells                   Type           Power      Damage    Failure   Level
 Apportation              Tloc           0%         N/A       47%         1
 Freeze                   Ice            0%         1d3       47%         1
 Magic Dart               Conj           0%         1d3       47%         1
 Dazzling Flash           Conj/Hex       0%         N/A       85%         3
 Frozen Ramparts          Ice            0%         1d2       85%         3
 Mephitic Cloud           Conj/Pois/Air  0%         N/A       85%         3
 Hailstorm                Conj/Ice       0%         3d3       99%         4
 Iskenderun's Mystic Bla  Conj/Tloc      0%         2d3       99%         4
 Passage of Golubria      Tloc           0%         N/A       99%         4
 Yara's Violent Unravell  Hex/Tmut       0%         3d3       100%        5
 Starburst                Conj/Fire      0%         6d3       100%        6
 Animate Skeleton         Necr           Unusable   N/A       N/A         1
 Summon Small Mammal      Summ           Unusable   N/A       N/A         1
 Call Imp                 Summ           Unusable   N/A       N/A         2
 Tukima's Dance           Hex            Unusable   N/A       N/A         3

Dungeon Overview and Level Annotations

Branches:
Dungeon (8/15)             Temple (1/1) D:7
   Lair: D:8-11

Altars:
Ashenzari
Cheibriados
Dithmenos
Elyvilon
Fedhas
Gozag
Hepliaklqana
Kikubaaqudgha
Makhleb
Nemelex Xobeh
Okawaru
Qazlal
Ru
Sif Muna
Trog
Uskayaw
Vehumet
Wu Jian
Yredelemnul
Zin
The Shining One

Shops:
D:1 (**=

Annotations:
D:3 3 runed translucent doors, Fellixjs's ghost, amateur DsTm
D:4 1 runed translucent door, mbeke's ghost, amateur MiMo


Innate Abilities, Weirdness & Mutations

You are immune to sickness and miasma.
Your stone body is resilient. (AC +6)
You are immune to poison.
You resist negative energy. (rN+)
You are resistant to electric shocks. (rElec)
You are resistant to unholy torment.
You are immune to petrification.
You are frail. (-10% HP)
[You do not regenerate when monsters are visible.]


Message History

You feel a little less clever now. A chorus of shrieks assaults your mind.
A large abomination comes into view.
A starcursed mass splits.
A chorus of shrieks assaults your mind.
A glowing orange brain comes into view.
The glowing orange brain turns its attention towards you.
Found a scroll labelled IRATIO FOICZIA.
You are suddenly pulled into a different region of the Abyss!
Found a scroll labelled UGUSYJAXTO.
h - 3 scrolls labelled UGUSYJAXTO (gained 1)
A wretched star comes into view.
You barely miss the wretched star.
The wretched star glows turbulently.
The lance of force hits you!
You are knocked back by the lance of force.
You slam into the stone wall!
You gain the combat prowess of a mighty hero.
The wretched star pulses with an eldritch light!
Your regeneration stops near monsters.
You closely miss the wretched star.
You hit the wretched star but do no damage.
You hit the wretched star but do no damage.
You hit the wretched star but do no damage.
You closely miss the wretched star. You closely miss the wretched star.
The wretched star glows turbulently.
The lance of force hits you!
You are knocked back by the lance of force.
You slam into the stone wall!
You hit the wretched star.
The wretched star is lightly damaged.
You hit the wretched star.
The wretched star is lightly damaged.
The wretched star glows turbulently.
The lance of force hits you!!
* * * LOW HITPOINT WARNING * * *
You are knocked back by the lance of force.
You slam into the stone wall!
You die...

# #..#.#.# #
####
##..#.#.#.....
.# ..
....#....#
#.## #..
...#..# #
..#.##. ## ..
...# #..##. .
# . ##.## #..
.. # #*## ...
.# ##@# #. ###


You could see a wretched star.

Vanquished Creatures
  Erica (D:8)
  A shadow (D:7)
  Eustachio (D:5)
  A small abomination (Abyss:1)
  2 ice beasts (D:6)
  A black bear (D:6)
  A necrophage (D:7)
  2 ogres
  2 centaurs
  A kobold brigand (D:4)
  2 bullfrogs
  A water moccasin skeleton (D:5)
  3 wights (D:7)
  A jelly (D:8)
  A centaur skeleton (D:6)
  3 bullfrog skeletons
  2 gnoll shamans (D:4)
  5 hounds
  5 iguanas
  3 orc wizards
  Terence (D:2)
  Robin (D:2)
  4 gnolls (D:4)
  6 adders
  A shadow imp (D:7)
  A white imp (D:6)
  2 ufetubi (D:5)
  4 dart slugs
  22 orcs
  8 endoplasms
  6 giant cockroaches
  14 goblins
  9 hobgoblins
  19 jackals
  9 kobolds
  A quokka (D:3)
  5 ball pythons
  4 bats
  5 frilled lizards
  5 rats
166 creatures vanquished.

Notes
Turn   | Place    | Note
-------+----------+-------------------------------------------
     0 | D:1      | Ayyar the Gargoyle Fighter began the quest for the Orb.
     0 | D:1      | Reached XP level 1. HP: 14/14 MP: 1/1
    44 | D:1      | Found Eppaupo's Weapon Boutique.
    94 | D:1      | Reached XP level 2. HP: 19/19 MP: 2/2
   199 | D:1      | Found Ushraami's Jewellery Shoppe.
   231 | D:1      | Found Haustrim's General Store.
   236 | D:1      | Found Tesaxoll's Assorted Antiques.
   743 | D:1      | Reached XP level 3. HP: 23/23 MP: 3/3
   861 | D:2      | Noticed Robin
   865 | D:2      | Reached XP level 4. HP: 23/29 MP: 4/4
  1251 | D:2      | Killed Robin
  1412 | D:2      | Reached skill level 3 in Maces & Flails
  1437 | D:2      | Noticed Terence
  1457 | D:2      | Killed Terence
  1458 | D:2      | Reached XP level 5. HP: 26/33 MP: 5/5
  1968 | D:3      | Reached skill level 1 in Evocations
  2027 | D:3      | Noticed Fellixjs's ghost (amateur DsTm)
  2048 | D:3      | Found an opulent altar of Gozag.
  2132 | D:3      | Found a runed translucent gate.
  2133 | D:3      | Found a runed translucent gate.
  2134 | D:3      | Found a runed translucent gate.
  2659 | D:4      | Reached XP level 6. HP: 27/39 MP: 6/6
  2928 | D:4      | Reached skill level 4 in Maces & Flails
  3088 | D:4      | Reached XP level 7. HP: 44/44 MP: 7/7
  3208 | D:4      | Found a runed translucent door.
  3208 | D:4      | Noticed mbeke's ghost (amateur MiMo)
  3294 | D:4      | Found a hide-covered altar of Uskayaw.
  3517 | D:5      | Entered Level 5 of the Dungeon
  3596 | D:5      | Noticed Eustachio
  3624 | D:5      | Killed Eustachio
  3625 | D:5      | Reached skill level 5 in Fighting
  3625 | D:5      | Reached skill level 5 in Maces & Flails
  3625 | D:5      | Reached skill level 5 in Armour
  3625 | D:5      | Reached skill level 5 in Shields
  3857 | D:5      | Reached XP level 8. HP: 49/49 MP: 8/8
  4538 | D:6      | Reached skill level 6 in Maces & Flails
  4906 | D:7      | Noticed a shadow
  4929 | D:7      | Killed a shadow
  4930 | D:7      | Reached XP level 9. HP: 39/55 MP: 9/9
  5021 | D:7      | Found a staircase to the Ecumenical Temple.
  5030 | Temple   | Entered the Ecumenical Temple
  5257 | Temple   | Became a worshipper of Warmaster Okawaru
  5388 | D:7      | Found a shadowy altar of Dithmenos.
  5399 | D:7      | Found a stormy altar of Qazlal.
  5404 | D:7      | Reached skill level 7 in Maces & Flails
  5418 | D:7      | Found a radiant altar of Vehumet.
  5465 | D:7      | Found a bloodstained altar of Trog.
  5564 | D:8      | Noticed Erica
  5579 | D:8      | Killed Erica
  5617 | D:8      | Reached * piety under Okawaru
  5645 | D:7      | Reached skill level 8 in Maces & Flails
  5647 | D:7      | Identified the +1 scale mail of the Kangaroo {Dex+4}
  5682 | D:7      | Cast into level 1 of the Abyss (orc priest)
  5718 | Abyss:1  | Noticed a large abomination
  5786 | Abyss:1  | Noticed a sixfirhy
  5794 | Abyss:1  | Gained mutation: You are frail. (-10% HP) [a neqoxec]
  5800 | Abyss:1  | Noticed a thrashing horror
  5820 | Abyss:1  | Noticed a thrashing horror
  5838 | Abyss:1  | Noticed a glowing orange brain
  5905 | Abyss:1  | Noticed a rakshasa
  5949 | Abyss:1  | Noticed a large abomination
  6013 | Abyss:1  | Noticed a starcursed mass
  6029 | Abyss:1  | Noticed a large abomination
  6033 | Abyss:1  | Noticed a glowing orange brain
  6047 | Abyss:1  | Noticed a wretched star
  6064 | Abyss:1  | Collided with a stone wall

Illustrated notes

Levels and vault maps discovered:
D:1:      lightli_arrival_statuegarden, layout_rooms, serial_shops,
          nicolae_shop_statue_plus, shop, nicolae_shop_waterfront,
          nicolae_shop_trees, minmay_tromino_v2
D:2:      layout_rooms, minmay_fractal_squares_5, uniq_robin, uniq_terence
D:3:      layout_loops_ring, mainiacjoe_overflow_small_starburst,
          gammafunk_ghost_split, small_statue_intersection,
          grunt_decor_resistance
D:4:      layout_cave_pods, nicolae_uskayaw_suspiria,
          hellmonk_ghost_happy_afterlife, kennysheep_donut,
          minmay_manual_mandibuliform
D:5:      layout_loops_ring, minmay_crystal_water, st_stairs_12,
          amcnicky_mini_rare_corridor_liquid, uniq_eustachio
D:6:      layout_rooms
D:7:      layout_basic, nicolae_overflow_quartered_altars,
          minmay_temple_entry_glass
D:8:      layout_cave_pods, uniq_erica
Temple:   regret_index_temple_generic_petals
Abyss:1:  base: D:1, evilmike_abyss_exit_5, evilmike_abyss_exit_12

Skill      XL: |  1  2  3  4  5  6  7  8  9 |
---------------+----------------------------+-----
Armour         | 4 5 6 |  6.9
Fighting       | 4 5 6 |  6.8
Maces & Flails | 3 4 5 6 8 |  8.2
Shields        | 4 5 6 |  6.8
Evocations     | 1 2 3 4 |  4.0

Action                   |  1- 3 |  4- 6 |  7- 9 || total
-------------------------+-------+-------+-------++-------
Melee: Flail             |    46 |       |       ||    46
       Whip              |    30 |   252 |   318 ||   600
Throw: Javelin           |       |       |     1 ||     1
Invok: Heroism           |       |       |     1 ||     1
Evoke: Wand              |       |       |     3 ||     3
  Use: Scroll            |       |       |     5 ||     5
       Potion            |       |       |     5 ||     5
 Stab: Paralysed         |       |       |     1 ||     1
Armor: Scale mail        |    74 |    66 |       ||   140
       Ring mail         |       |    92 |   158 ||   250
Dodge: Dodged            |    50 |   129 |   137 ||   316
Block: Buckler           |    25 |    53 |    57 ||   135

Table legend: (Time is in decaauts)
 A = Elapsed time spent in this place.
 B = Non-inter-level travel time spent in this place.
 C = Inter-level travel time spent in this place.
 D = Time resting spent in this place.
 E = Time spent auto-exploring this place.
 F = Levels seen in this place.
 G = Mean time per level.
                   A        B        C        D        E       F      G
               +--------+--------+--------+--------+--------+-----+--------+
         Total |   6006 |   5710 |    296 |    528 |   3549 |  10 |  600.6 |
       Dungeon |   5375 |   5131 |    244 |    528 |   3349 |   8 |  671.9 |
        Temple |    263 |    211 |     52 |      0 |    200 |   1 |  263.0 |
         Abyss |    367 |    367 |      0 |      0 |      0 |   1 |  367.0 |
               +--------+--------+--------+--------+--------+-----+--------+

Top non-repeatable levels by time:
     D:1: 1162 daAuts
     D:4: 1008 daAuts
     D:5: 788 daAuts
     D:3: 706 daAuts
     D:2: 631 daAuts
     D:6: 490 daAuts
     D:7: 443 daAuts
 Abyss:1: 367 daAuts
  Temple: 263 daAuts
     D:8: 143 daAuts
